Unix NetHack Version 5.0.0-0 post-release - last build May  4 2026 22:22:43 (774f63e81ad911689b3a0859ea89b322d5daca8d,branch:main).

Game began 2026-05-07 20:12:37, ended 2026-05-07 21:07:37.

ArrBianca, chaotic female orcish Ranger

                                               -----
                                               |(((.|--           ----
                                   ---...-     |(((.-.|     -------..--
                                  --......     |(((.|.|     |.........-----+-
                                .--.......  ---------.--+-- --..............|
                                ......G... --..........%..----....{.....-----
                           ...--..........--%%-----+---|-...............-..|
                          --........|.....|.....--   |..|--..|.........-|..|
                        ..|...|..--.|...- ...|...--  |..|-...|-...---.------
                       -....----- |.|-......---)..-- ----....--------|---
                       ......-    |.| --...........| ..|......|    |....|
                       ...{...    |.|  -----.......|...---....|    |%(%!|
                      -.......    +.|      --..--..|..........|    ------
                 @... -......-    |.|       |.|#----.....|....|..--
                   -.....-+.-     |.|       |.|     -..%----..|....|.---
                      -..|...--   |.+     ---+---   --..|  ---- ........---
                       - |....-   ---     |.....|    |..|        -.....-|.--
                         |....>.          |.._..|   #.......---.-....%%.|..--
                         -------          .......    |...-).%.[....|---.....|
                                          -------    --.......------  ---..<|
                                                      ---------         -----
ArrBianca the Trailblazer    St:15 Dx:13 Co:15 In:13 Wi:13 Ch:10  Chaotic
Dlvl:5  $:0  HP:0(35) Pw:27(27) AC:5  Xp:6 T:3311  Hungry   Blind

Latest messages:
 You try to feel what is lying here on the floor.
 You feel here a partly eaten giant rat corpse.
 You hear the chime of a cash register.
 There is a partly eaten giant rat corpse here; eat it? [ynq] (n)
 You consume the last bite of your meal.
 You finish eating the giant rat corpse.
 It bites!
 You kill it!
 You try to feel what is lying here on the floor.
 You feel here a jackal corpse.
 There is a jackal corpse here; eat it? [ynq] (n)
 Blecch!  Rotten food!
 You finish eating the jackal corpse.
 There is nothing here to pick up.
 You feel an unseen monster!
 It bites!
 You stop searching.
 You hit it.
 You kill it!
 You feel agile!
 You must have been working on your reflexes.
 You feel tough!
 You must have been leading a healthy life-style.
 Wait!  There's something there you can't see!
 It gets angry!
 The carafe crashes on your head and breaks into shards.
 You feel somewhat dizzy.
 You hit it.
 You feel less confused now.
 You miss it.
 It hits!
 You miss it.
 It hits!
 You are beginning to feel hungry.
 You hit it.
 It hits!
 In what direction?
 You shoot 2 orcish arrows.
 The 1st orcish arrow hits it!
 The 2nd orcish arrow misses.
 It hits!
 In what direction?
 The orcish arrow misses.
 It hits!
 You die...
 Do you want your possessions identified? [ynq] (y)
 Do you want to see your attributes? [ynq] (y)
 Do you want an account of creatures vanquished? [ynaq] (y)
 Do you want to see your conduct and achievements? [ynq] (y)
 Do you want to see the dungeon overview? [ynq] (y)

Inventory:
 Weapons  (')')
  q - 26 +0 arrows
  c - 35 +2 orcish arrows (in quiver)
  d - 7 +0 orcish arrows
  b - a +1 orcish bow named Aarden (weapon in right hand)
  v - 17 +0 darts
  A - 2 cursed -1 darts
  s - 10 +0 daggers
  a - a +1 orcish dagger (alternate weapon; not wielded)
 Armor    ('[')
  J - an uncursed +0 dwarvish iron helm (being worn)
  e - an uncursed +2 cloak of displacement (being worn)
  t - an uncursed +0 oilskin cloak
 Comestibles  ('%')
  f - 4 uncursed tripe rations
  i - an uncursed lichen corpse
 Scrolls  ('?')
  H - an uncursed scroll of enchant armor
  w - a blessed scroll of gold detection
  j - 2 uncursed scrolls of identify
  p - an uncursed scroll of scare monster
 Potions  ('!')
  K - an uncursed potion of restore ability
  m - an uncursed potion of sickness
 Wands    ('/')
  F - a wand of cancellation (0:7)
  M - a wand of digging (0:7)
 Tools    ('(')
  N - a cursed magic lamp (lit)
  z - an uncursed oil lamp
  n - an uncursed skeleton key
 Gems/Stones  ('*')
  r - an uncursed jasper stone
  G - 2 uncursed worthless pieces of blue glass
  D - 3 uncursed worthless pieces of green glass
  C - an uncursed worthless piece of orange glass
  E - 3 uncursed worthless pieces of white glass

ArrBianca the Ranger's attributes:

Background:
 You were a Trailblazer, a level 6 female orcish Ranger.
 You were chaotic, on a mission for Mars
 who was opposed by Mercury (lawful) and Venus (neutral).
 You were right-handed.
 You were in the Gnomish Mines, on level 5.
 You entered the dungeon 3311 turns ago.
 You had 498 experience points, 142 more were needed to attain level 7.

Basics:
 You had 0 out of 35 hit points.
 You had all 27 energy points (spell power).
 Your armor class was 5.
 Your wallet was empty.
 Autopickup was on for '$?!/="+%' plus thrown, with exceptions.

Final Characteristics:
 Your strength was 15 (limit:18/50).
 Your dexterity was 13 (limit:18).
 Your constitution was 15 (limit:18).
 Your intelligence was 13 (limit:16).
 Your wisdom was 13 (peak:14, limit:16).
 Your charisma was 10 (limit:16).

Final Status:
 You were temporarily blind.
 You were hungry.
 You were unencumbered.
 You were wielding a bow.
 You were skilled in bow.

Final Attributes:
 You were piously aligned.
 You were poison resistant.
 You had automatic searching.
 You had infravision.
 You were displaced.
 You were warded.
 You are dead.

Miscellaneous:
 You didn't encounter any bones levels.
 Total elapsed playing time was 54 minutes and 53 seconds.

Major events:
 Turn
    1: ArrBianca the chaotic female orcish Ranger entered the dungeon
  906: entered the Gnomish Mines
  912: attained the rank of Lookout (level 3)
 2394: attained the rank of Trailblazer (level 6)
 2812: reached Mine Town
 3311: killed by a watchman

You didn't know any spells.

Skills:
 Fighting Skills
   bare handed combat [Unskilled]
   riding             [Unskilled]
 Weapon Skills
   dagger             [Basic]
   knife              [Unskilled]
   axe                [Unskilled]
   pick-axe           [Unskilled]
   short sword        [Unskilled]
   morning star       [Unskilled]
   flail              [Unskilled]
   hammer             [Unskilled]
   quarterstaff       [Unskilled]
   polearms           [Unskilled]
   spear              [Unskilled]
   trident            [Unskilled]
   bow                [Skilled]
   sling              [Unskilled]
   crossbow           [Unskilled]
   dart               [Basic]
   shuriken           [Unskilled]
   boomerang          [Unskilled]
   whip               [Unskilled]
 Spellcasting Skills
   healing spells     [Unskilled]
   divination spells  [Unskilled]
   escape spells      [Unskilled]

Voluntary challenges:
 Character rerolling was not enabled.
 You were illiterate.
 You never genocided any monsters.
 You never polymorphed an object.
 You never changed form.
 You used no wishes.
Achievements:
 You entered the Gnomish Mines.
 You attained the rank of Lookout.
 You attained the rank of Trailblazer.
 You entered Minetown.
 You entered a shop.
 You entered a temple.

 The Dungeons of Doom: levels 1 to 3
    Level 1:
       A fountain.
    Level 2:
       Stairs down to The Gnomish Mines.
    Level 3:
 The Gnomish Mines: levels 3 to 5
    Level 3:
    Level 4:
    Level 5: <- You were here.
       Some shops, a temple and an altar, some fountains.
       Final resting place for
          you, killed by a watchman.


Vanquished creatures:
  a gnome ruler
  a rock piercer
  a yellow light
  4 gnome leaders
  a gnomish wizard
  a little dog
  a floating eye
  7 dwarves
  2 giant bats
  2 monkeys
  2 iguanas
 an acid blob
  a hobbit
  2 giant rats
  2 brown molds
  2 yellow molds
  a red mold
 24 gnomes
  4 garter snakes
  2 geckos
 10 jackals
  a fox
  a kobold
  2 sewer rats
  3 lichens
  3 kobold zombies
  3 newts
85 creatures vanquished.

No species were genocided or became extinct.

Game over:
                       ----------
                      /          \
                     /    REST    \
                    /      IN      \
                   /     PEACE      \
                  /                  \
                  |    ArrBianca     |
                  |       0 Au       |
                  |   killed by a    |
                  |     watchman     |
                  |                  |
                  |                  |
                  |       2026       |
                 *|     *  *  *      | *
        _________)/\\_//(\/(/\)/\//\/|_)_______

Goodbye ArrBianca the Ranger...

You died in The Gnomish Mines on dungeon level 5 with 2192 points,
and 0 pieces of gold, after 3311 moves.
You were level 6 with a maximum of 35 hit points when you died.

